 Dungeon Crawl Stone Soup version 0.23-b1-84-g6588a6b (webtiles) character file.

Game seed: 1970981673938625395

690 miculber the Twirler (level 7, -1/61 HPs)
             Began as a Purple Draconian Gladiator on Feb 9, 2019.
             Was an Initiate of Okawaru.
             Slain by a centaur (10 damage)
             ... on level 5 of the Dungeon on Feb 10, 2019.
             The game lasted 00:14:15 (3354 turns).

miculber the Twirler (Purple Draconian Gladiator)   Turns: 3354, Time: 00:14:15

Health: -1/61      AC:  7    Str: 19    XL:     7   Next: 36%
Magic:  7/7        EV: 18    Int:  8    God:    Okawaru [......]
Gold:   258        SH:  0    Dex: 14    Spells: 6/6 levels left

rFire    . . .     SeeInvis .   a - +0 quarterstaff
rCold    . . .     Gourm    .   (shield currently unavailable)
rNeg     . . .     Faith    .   (armour unavailable)
rPois    .         Spirit   .   b - +0 hat
rElec    .         Reflect  .   (no cloak)
rCorr    .         Harm     .   (no gloves)
MR       +....                  i - +0 pair of boots
Stlth    +.........             o - amulet of magic regeneration
HPRegen  0.20/turn              s - +2 ring of strength
MPRegen  0.35/turn              w - +4 ring of evasion

@: no status effects
A: breathe power, unfitting armour, cold-blooded, AC +6
a: Breathe Dispelling Energy, Renounce Religion


You were on level 5 of the Dungeon.
You worshipped Okawaru.
Okawaru was noncommittal.
You were not hungry.

You visited 2 branches of the dungeon, and saw 6 of its levels.

You collected 258 gold pieces.

Inventory:

Hand Weapons
 a - a +0 quarterstaff (weapon)
 t - a +1 spear of distortion
Missiles
 c - 2 throwing nets (quivered)
 n - 4 needles of sleeping
Armour
 b - a +0 hat (worn)
 i - a +0 pair of boots (worn)
Jewellery
 o - an amulet of magic regeneration (around neck)
 s - a +2 ring of strength (left hand)
 w - a +4 ring of evasion (right hand)
Wands
 r - a wand of flame (4)
Scrolls
 e - 5 scrolls of remove curse {unknown}
 g - a scroll of magic mapping {unknown}
 h - 5 scrolls of identify {unknown}
 m - 2 scrolls of amnesia {unknown}
 y - a scroll of enchant weapon {unknown}
 A - a scroll of immolation {unknown}
Potions
 j - a potion of might {unknown}
 k - 4 potions of heal wounds {unknown}
 l - 3 potions of curing {unknown}
 p - a potion of flight {unknown}
 q - 3 potions of berserk rage {unknown}
 u - a potion of lignification {unknown}
 v - 2 potions of mutation {unknown}
 x - a potion of brilliance {unknown}
 z - a potion of agility {unknown}
Comestibles
 d - 7 rations
 f - 10 chunks of flesh


   Skills:
 - Level 5.1 Fighting
 - Level 6.0 Staves
 - Level 1.7 Throwing
 + Level 4.8 Dodging


You had 6 spell levels left.
You didn't know any spells.
Your spell library contained the following spells:

 Spells                   Type           Power        Failure   Level  Hunger
 Animate Skeleton         Necr           N/A          41%         1    ##.....
 Apportation              Tloc           #.....       41%         1    ##.....
 Confusing Touch          Hex            #.....       41%         1    ##.....
 Summon Small Mammal      Summ           #...         41%         1    ##.....


Dungeon Overview and Level Annotations

Branches:
Dungeon (5/15)             Temple (1/1) D:4

Altars:
Ashenzari
Cheibriados
Dithmenos
Elyvilon
Fedhas
Gozag
Hepliaklqana
Kikubaaqudgha
Makhleb
Nemelex Xobeh
Okawaru
Qazlal
Ru
Sif Muna
Trog
Uskayaw
Vehumet
Wu Jian
Xom
Yredelemnul
Zin
The Shining One

Annotations:
D:3 2 runed translucent doors, DarkinPup's ghost, amateur DsGl


Innate Abilities, Weirdness & Mutations

You can breathe bolts of dispelling energy.
Your rich purple scales are hard. (AC +6)
You cannot fit into any form of body armour.
You are cold-blooded and may be slowed by cold attacks.


Message History

The centaur is heavily wounded.
The centaur hits you.
* * * LOW HITPOINT WARNING * * *
The howler monkey zombie hits you but does no damage.
You sock the centaur!
The centaur is almost dead.
The centaur barely misses you. The centaur misses you.
The howler monkey zombie hits you but does no damage.
You hit the centaur but do no damage.
The centaur is almost dead.
The centaur barely misses you. The howler monkey zombie misses you.
You hit the centaur.
Your tail-slap misses the centaur.
The centaur is almost dead.
The centaur completely misses you. The centaur closely misses you.
The howler monkey zombie hits you.
* * * LOW HITPOINT WARNING * * *
You completely miss the centaur.
The centaur is almost dead.
The centaur hits you!
You die...

######.#.# ....##.##.############
#........# .#..##.#..............
#........####..##......##########
#..............#...............#
........######..........######.#
........##.......#...##(# #.#
.....#####.###.#####.##.# #.##
####. #<....Z.#.##.# #... #.
#....@c.#....# ####
#...########## #...# #...# #...#
##.###################
#....................
#####################


You could see a centaur and a howler monkey zombie.

Vanquished Creatures
  Eustachio (D:4)
  An ice beast (D:5)
  A centaur (D:5)
  An ogre (D:4)
  A crimson imp (D:4)
  An orc wizard (D:3)
  2 iguanas
  A worker ant (D:4)
  4 gnolls (D:2)
  5 adders
  2 adder skeletons (D:4)
  2 worms
  A dart slug (D:1)
  5 orcs
  3 bats
  3 giant cockroaches
  7 goblins
  6 hobgoblins
  2 jackals (D:4)
  6 kobolds
  2 quokkas
  3 frilled lizards
  8 rats
  A plant (D:2)
69 creatures vanquished.

Notes
Turn   | Place    | Note
-------+----------+-------------------------------------------
     0 | D:1      | miculber the Draconian Gladiator began the quest for the
                  | Orb.
     0 | D:1      | Reached XP level 1. HP: 17/17 MP: 1/1
   103 | D:1      | Reached XP level 2. HP: 26/26 MP: 2/2
   643 | D:2      | Reached XP level 3. HP: 33/33 MP: 3/3
   717 | D:2      | Found a blossoming altar of Fedhas.
  1022 | D:2      | Reached XP level 4. HP: 18/41 MP: 4/4
  1239 | D:2      | Reached skill level 5 in Fighting
  1624 | D:3      | Found a large runed translucent door.
  1625 | D:3      | Found a large runed translucent door.
  1628 | D:3      | Noticed DarkinPup's ghost (amateur DsGl)
  1955 | D:3      | Reached XP level 5. HP: 48/48 MP: 5/5
  2177 | D:4      | Noticed an ogre
  2215 | D:4      | Reached skill level 4 in Staves
  2219 | D:4      | Found a staircase to the Ecumenical Temple.
  2250 | D:4      | Noticed Eustachio
  2281 | D:4      | Killed Eustachio
  2281 | D:4      | Reached skill level 5 in Staves
  2281 | D:4      | Reached XP level 6. HP: 43/56 MP: 6/6
  2391 | Temple   | Entered the Ecumenical Temple
  2606 | Temple   | Became a worshipper of Warmaster Okawaru
  2817 | D:4      | Reached skill level 6 in Staves
  3140 | D:5      | Entered Level 5 of the Dungeon
  3214 | D:5      | Your scales start taking on a rich purple colour.
  3214 | D:5      | Reached XP level 7. HP: 28/61 MP: 7/7
  3354 | D:5      | Slain by a centaur

Skill      XL: |  1  2  3  4  5  6 |
---------------+-------------------+-----
Fighting       | 3 4 5 |  5.1
Staves         | 5 6 |  6.0
Dodging        | 4 |  4.8
Throwing       | |  1.7

Action                   |  1- 3 |  4- 6 |  7- 9 || total
-------------------------+-------+-------+-------++-------
Melee: Quarterstaff      |    73 |   162 |    22 ||   257
       Tailslap          |    10 |    24 |     5 ||    39
Throw: Throwing net      |     1 |     1 |       ||     2
Evoke: Wand              |     2 |     3 |       ||     5
  Use: Scroll            |       |     1 |       ||     1
 Stab: Sleeping          |       |     2 |     1 ||     3
  Eat: Chunk             |       |     7 |     1 ||     8
Armor: Skin              |    17 |    43 |     6 ||    66
Dodge: Dodged            |    55 |   136 |    27 ||   218
